 Dungeon Crawl Stone Soup version 0.23-a0-890-gc183402 (console) character file.

Game seed: 5305554511898779862

70 Duffy the Chopper (level 4, 27/35 HPs)
             Began as a Demonspawn Fighter on Jan 28, 2019.
             Quit the game on level 2 of the Dungeon.
             The game lasted 00:01:03 (1650 turns).

Duffy the Chopper (Demonspawn Fighter)              Turns: 1650, Time: 00:01:03

Health: 27/35      AC:  6    Str: 16    XL:     4   Next: 3%
Magic:  4/4        EV:  6    Int: 11    God:
Gold:   89         SH:  8    Dex: 12    Spells: 3/3 levels left

rFire    . . .     SeeInvis .   a - +0 war axe
rCold    . . .     Gourm    .   c - +0 shield
rNeg     . . .     Faith    .   b - +0 scale mail
rPois    .         Spirit   .   (no helmet)
rElec    .         Reflect  .   (no cloak)
rCorr    .         Harm     .   (no gloves)
MR       .....                  (no boots)
Stlth    ..........             l - amulet of magic regeneration
HPRegen  0.11/turn              (no ring)
MPRegen  0.34/turn              (no ring)

@: no status effects
A: claws 1, powered by death 2
a: no special abilities


You were on level 2 of the Dungeon.
You were not hungry.

You visited 1 branch of the dungeon, and saw 2 of its levels.

You collected 89 gold pieces.

Inventory:

Hand Weapons
 a - a +0 war axe (weapon)
Armour
 b - a +0 scale mail (worn)
 c - a +0 shield (worn)
Jewellery
 l - an amulet of magic regeneration (around neck)
Scrolls
 e - 6 scrolls of identify {unknown}
 g - a scroll of remove curse {unknown}
 i - a scroll of enchant weapon {unknown}
 j - a scroll of noise {unknown}
 o - 2 scrolls of fear {unknown}
Potions
 d - 2 potions of might
 h - 2 potions of curing {unknown}
 k - a potion of ambrosia {unknown}
 m - a potion of magic {unknown}
Comestibles
 f - 6 rations


   Skills:
 - Level 3.0 Fighting
 + Level 4.0 Axes
 - Level 2.6 Armour
 - Level 2.6 Shields


You had 3 spell levels left.
You didn't know any spells.
Your spell library was empty.

Dungeon Overview and Level Annotations

Branches:
Dungeon (2/15)

Altars:


Innate Abilities, Weirdness & Mutations

You have sharp fingernails.
You regenerate health from kills.


Message History

No target in view!
No target in view!
No target in view!
You see here a +0 dagger.
A worm comes into view.
A worm is nearby!
A worm is nearby!
A worm is nearby!
You slash the worm!
The worm is heavily wounded.
The worm bites you!
You hit the worm.
The worm is severely wounded.
You slash the worm!
You kill the worm!
Your Axes skill increases to level 4!
You have reached level 4!
You feel clever.
Your demonic ancestry asserts itself...
Your fingernails lengthen.
Are you sure you want to abandon this character and quit the game? (Confirm with "yes".)

#.#.###.......####.#...##..#
#.#.##.........# #.##.).##..
# #............# #..#....##.
...#.........# ##.##....#.
.....##.......## #..##...#.
#.....#......### ##..###...
#..............# ##...####
### ####.#.###.# ###%....
#.#@# #.# ####.. # #.%.#.#
### ###.#.# .... #.. ...# .#
.


There were no monsters in sight!

Vanquished Creatures
  3 adders (D:2)
  2 worms (D:2)
  2 leopard geckos
  3 bats
  2 giant cockroaches
  5 goblins
  2 hobgoblins
  4 jackals (D:1)
  A ball python (D:2)
  4 frilled lizards (D:1)
  2 kobolds (D:1)
  6 rats
36 creatures vanquished.

Notes
Turn   | Place    | Note
-------+----------+-------------------------------------------
     0 | D:1      | Duffy the Demonspawn Fighter began the quest for the Orb.
     0 | D:1      | Reached XP level 1. HP: 18/18 MP: 1/1
    99 | D:1      | Reached skill level 2 in Axes
   223 | D:2      | Gained mutation: You regenerate a little health from kills.
                  | [demonic ancestry]
   223 | D:2      | Reached XP level 2. HP: 11/24 MP: 2/2
   489 | D:2      | Reached skill level 3 in Axes
   706 | D:1      | Gained mutation: You regenerate health from kills. [demonic
                  | ancestry]
   706 | D:1      | Reached XP level 3. HP: 29/29 MP: 3/3
  1649 | D:2      | Reached skill level 4 in Axes
  1649 | D:2      | Gained mutation: You have sharp fingernails. [demonic
                  | ancestry]
  1649 | D:2      | Reached XP level 4. HP: 27/35 MP: 4/4
  1650 | D:2      | Quit the game

Vault maps used:
D:1:      dpeg_arrival_rhombus
D:2:      minmay_evil_eye, uniq_terence

Skill      XL: |  1  2  3 |
---------------+----------+-----
Axes           | 2 3 4 |  4.0
Fighting       | |  3.0
Armour         | |  2.6
Shields        | |  2.6

Action                   |  1- 3 |  4- 6 || total
-------------------------+-------+-------++-------
Melee: War axe           |    93 |       ||    93
  Eat: Chunk             |     2 |       ||     2
Armor: Scale mail        |    51 |       ||    51
Dodge: Dodged            |    31 |       ||    31
Block: Shield            |    54 |       ||    54

Table legend:
 A = Non-vault XP
 B = Vault XP
 C = Vault XP percentage of total XP
 D = Non-vault monster count
 E = Vault monster count
 F = Vault count percentage of total count
                 A         B        C        D         E       F
            +---------+---------+-------+---------+---------+-------
      Total |      95 |       5 |   5.0 |      33 |       3 |   8.3
            +---------+---------+-------+---------+---------+-------
        D:1 |      32 |       0 |   0.0 |      20 |       0 |   0.0
        D:2 |      63 |       5 |   7.4 |      13 |       3 |  18.8
            +---------+---------+-------+---------+---------+-------
